 Dungeon Crawl Stone Soup version 0.29-a0-613-gf2c431b9b9 (webtiles) character file.

Game seed: 9706823440623571035

17776 chronatog the Protected (level 12, -2/94 HPs)
             Began as a Gnoll Wanderer on June 16, 2022.
             Was an Initiate of Ashenzari.
             Killed from afar by a deep troll earth mage (38 damage)
             ... with a blast of metal fragments
             ... on level 12 of the Dungeon.
             The game lasted 02:29:31 (13668 turns).

chronatog the Protected (Gnoll Wanderer)           Turns: 13668, Time: 02:29:32

Health: -2/94      AC: 11    Str: 12    XL:     12   Next: 51%
Magic:  32/32      EV: 16    Int: 13    God:    Ashenzari [......]
Gold:   44         SH:  5    Dex: 21    Spells: 0/25 levels left

rFire   . . .      SeeInvis +   O - +10 rapier of Pride {vorpal, rC+ rN+ MP+9 SInv}
rCold   + . .      Faith    .   (no shield)
rNeg    + . .      Spirit   .   A - +2 troll leather armour
rPois   .          Reflect  +   (no helmet)
rElec   .          Harm     .   N - +1 cloak {Stlth+}
rCorr   .          Rampage  .   (no gloves)
Will    +....      Clarity  +   g - +0 pair of boots
Stlth   +++++.....              a - amulet of reflection
HPRegen 1.05/turn               I - +4 ring of slaying
MPRegen 0.23/turn               J - +6 ring of dexterity

@: no status effects
A: fangs 1, strong nose, distributed training, clarity, strong-willed 1
a: Renounce Religion


You were on level 12 of the Dungeon.
You worshipped Ashenzari.
Ashenzari was noncommittal.
You visited 2 branches of the dungeon, and saw 13 of its levels.
You also visited: Ossuary.

You collected 1102 gold pieces.
You spent 1058 gold pieces at shops.

Inventory:

Hand Weapons
 L - a +2 hunting sling of freezing
 O - the +10 rapier of Pride (weapon) {vorpal, rC+ rN+ MP+9 SInv}
   (You found it on level 6 of the Dungeon)

   It inflicts extra damage upon your enemies.
   rC:        It protects you from cold.
   rN:        It protects you from negative energy.
   MP:        It affects your magic capacity (+9).
   SInv:      It lets you see invisible.
Missiles
 w - 6 javelins (quivered)
 M - 163 stones
 P - 9 poisoned darts
 S - 2 throwing nets
Armour
 g - a +0 pair of boots (worn)
 y - a +1 scale mail of fire resistance
 A - a +2 troll leather armour (worn)
 K - an orb of mayhem
 N - a +1 cloak of stealth (worn)
Magical Staves
 Q - a staff of conjuration
Jewellery
 a - an amulet of reflection (around neck)
 b - an amulet of magic regeneration
 o - an amulet of regeneration
 I - a +4 ring of slaying (left hand)
 J - a +6 ring of dexterity (right hand)
Wands
 d - a wand of charming (5)
 R - a wand of quicksilver (21)
Scrolls
 e - a scroll of fog
 f - a scroll of immolation
 h - 3 scrolls of enchant weapon
 n - a scroll of vulnerability
 q - a scroll of silence
 r - a scroll of noise {unknown}
 u - a scroll of fear
 v - a scroll of torment {unknown}
 x - a scroll of magic mapping {unknown}
 B - 2 scrolls of teleportation
 D - 4 scrolls of poison
 G - 3 scrolls of amnesia
 H - a scroll of brand weapon
Potions
 c - 2 potions of might
 i - 2 potions of flight
 j - 2 potions of berserk rage {unknown}
 k - a potion of resistance {unknown}
 l - 2 potions of mutation
 m - 6 potions of curing
 s - 2 potions of cancellation
 t - a potion of haste
 z - 3 potions of attraction
 F - 4 potions of lignification
Miscellaneous
 p - a tin of tremorstones (2/2)


   Skills:
 + Level 8.7 Fighting
 + Level 7.3 Short Blades
 + Level 8.7 Long Blades
 + Level 7.3 Axes
 + Level 7.3 Maces & Flails
 + Level 7.3 Polearms
 + Level 7.3 Staves
 + Level 7.3 Slings
 + Level 7.3 Bows
 + Level 7.3 Crossbows
 + Level 7.3 Throwing
 + Level 9.9 Armour
 + Level 7.3 Dodging
 + Level 7.3 Stealth
 + Level 7.3 Shields
 + Level 8.7 Unarmed Combat
 + Level 7.3 Spellcasting
 + Level 6.1 Conjurations
 + Level 6.1 Hexes
 + Level 6.1 Summonings
 + Level 6.1 Necromancy
 + Level 6.1 Translocations
 + Level 6.1 Transmutations
 + Level 6.1 Fire Magic
 + Level 6.1 Ice Magic
 + Level 6.1 Air Magic
 + Level 6.1 Earth Magic
 + Level 6.1 Poison Magic
 + Level 8.1 Invocations
 + Level 7.8 Evocations


You couldn't memorise any spells.
You knew the following spells:

 Your Spells              Type           Power      Damage    Failure   Level
a - Beastly Appendage     Tmut           40%        N/A       1%          1
b - Wereblood             Tmut           20%        N/A       2%          2
c - Iskenderun's Mystic   Conj/Tloc      20%        2d6       14%         4
d - Summon Ice Beast      Ice/Summ       20%        N/A       14%         4
e - Ignite Poison         Fire/Tmut/Pois 20%        N/A       4%          3
f - Olgreb's Toxic Radia  Pois           20%        N/A       14%         4
g - Sticky Flame          Conj/Fire      20%        2d4       14%         4
h - Mephitic Cloud        Conj/Pois/Air  20%        N/A       4%          3

Your spell library contained the following spells:

 Spells                   Type           Power      Damage    Failure   Level
 Magic Dart               Conj           80%        1d7       1%          1
 Sting                    Tmut/Pois      80%        1d7       1%          1
 Call Imp                 Summ           20%        N/A       2%          2
 Poisonous Vapours        Pois/Air       40%        N/A       2%          2
 Conjure Flame            Conj/Fire      20%        6-21      4%          3
 Spider Form              Tmut/Pois      20%        N/A       4%          3
 Fulminant Prism          Conj/Hex       10%        3d9       14%         4
 Freezing Cloud           Conj/Ice/Air   10%        6-21      38%         5
 Lee's Rapid Deconstruct  Erth           10%        3d9*      38%         5
 Summon Mana Viper        Hex/Summ       20%        N/A       38%         5
 Simulacrum               Ice/Necr       10%        N/A       92%         6
 Monstrous Menagerie      Summ           10%        N/A       100%        7
 Polar Vortex             Ice            10%        N/A       100%        9


Dungeon Overview and Level Annotations

Branches:
Dungeon (12/15)            Temple (1/1) D:5            Lair (0/6) D:10
    Orc (0/2) D:11        Ossuary (visited)

Altars:
Ashenzari
Cheibriados
Dithmenos
Elyvilon
Fedhas
Gozag
Hepliaklqana
Kikubaaqudgha
Makhleb
Nemelex Xobeh
Okawaru
Qazlal
Ru
Sif Muna
Trog
Uskayaw
Vehumet
Wu Jian
Xom
Yredelemnul
Zin
The Shining One

Shops:
D:5 *   D:6 :*   D:7 :(*[


Innate Abilities, Weirdness & Mutations

You have very sharp teeth.
Your uncanny sense of smell can sniff out nearby items.
Your experience applies equally to all skills.
You possess an exceptional clarity of mind.
You are strong-willed. (Will+)


Message History

You throw a javelin.
The javelin closely misses the unseen horror.
The unseen horror hits you.
A centaur warrior comes into view.
You puncture the unseen horror!
The unseen horror is almost dead.
The unseen horror hits you but does no damage.
The centaur warrior wields a +0 shortbow.
The centaur warrior shoots an arrow.
The arrow closely misses the unseen horror.
You reflect the arrow off an invisible shield around you!
The arrow hits the unseen horror!
You hit the unseen horror but do no damage.
You punch the unseen horror.
You kill the unseen horror!
The centaur warrior shoots an arrow.
The arrow closely misses you.
A vampire mosquito comes into view.
You climb upwards.
There is a stone staircase leading down, spattered with blood here.
Things that are here:
a +0 plate armour; a +0 long sword You start waiting.
The sentinel's mark upon you fades away.
There is an open door here.
There is an open door here.
There is an open door here.
There is a stone staircase leading down here.
You climb downwards.
Found a metallic puce potion.
There is a stone staircase leading up here.
j - 2 metallic puce potions (gained 1)
A deep troll earth mage comes into view.
The deep troll earth mage points next to you and mumbles some strange words.
The metal wall shatters!
The blast of metal fragments hits you!!!
Ouch! That really hurt!
The deep troll earth mage gestures next to you while chanting.
The metal wall shatters!
The blast of metal fragments hits you!!!
You die...

.... #... . #..# . #..# .
#..+ ## . ######..# ... .
........#####.... #
.......@.........
#####............
#.........T.. .......#
#............ .......#
#............ .......+
#....)....... .......#
#...........#
.......##+####..........##
........................#


You could see a deep troll earth mage.

Vanquished Creatures
  Harold (D:11)
  A hydra (D:12)
  Erolcha (D:9)
  An ogre mage (D:11)
  5 two-headed ogres
  Amaemon (D:8)
  Lodul (D:10)
  Pikel (D:7)
  A manticore (D:11)
  2 ugly things
  The ghost of Kazon the Skirmisher, a novice GrFi of Okawaru (D:6)
  An ice statue (D:10)
  An orange demon (D:8)
  An unseen horror (D:12)
  2 komodo dragons
  4 trolls
  Prince Ribbit (D:7)
  4 yaks (D:10)
  2 wyverns
  A shadow (D:10)
  Grum (D:9)
  2 water moccasins (D:5)
  An ice beast (D:5)
  4 orc warriors
  A black bear (D:5)
  10 ogres
  4 wolves
  4 centaurs
  2 phantoms
  2 lemures (D:7)
  2 kobold brigands
  A necrophage (D:6)
  5 bullfrogs
  2 scorpions (D:6)
  12 wights
  8 killer bees
  5 howler monkeys
  2 hounds
  A jelly (D:5)
  5 orc priests
  Crazy Yiuf (D:7)
  2 quasits (D:8)
  A gnoll shaman (D:5)
  Ijyb (D:3)
  3 iguanas
  10 orc wizards
  3 mummies (Ossuary)
  10 gnolls
  12 adders
  9 shadow imps
  7 white imps
  4 ufetubi (D:8)
  4 adder zombies (Ossuary)
  2 worms (D:2)
  3 dart slugs
  33 orcs
  8 endoplasms
  14 hobgoblins
  7 jackals
  16 kobolds
  2 quokkas (D:1)
  3 ball pythons (D:1)
  7 bats
  6 frilled lizards
  7 giant cockroaches
  5 goblins
  5 goblin zombies (Ossuary)
  2 hobgoblin zombies (Ossuary)
  3 kobold zombies (Ossuary)
  3 quokka zombies (Ossuary)
  5 rats
  A rat zombie (Ossuary)
306 creatures vanquished.

Vanquished Creatures (collateral kills)
  A two-headed ogre (D:11)
  3 ogres
  A scorpion (D:5)
  An iguana (D:6)
6 creatures vanquished.

Vanquished Creatures (others)
  3 ogres (D:10)
  A centaur (D:10)
  A wight (D:8)
  12 demonic plants (D:8)
  10 plants
27 creatures vanquished.

Grand Total: 339 creatures vanquished

Notes
Turn   | Place    | Note
-------+----------+-------------------------------------------
     0 | D:1      | chronatog the Gnoll Wanderer began the quest for the Orb.
     0 | D:1      | chronatog set off with the following items: a +0 falchion,
                  | a potion of haste, a potion of might, a +0 scale mail, a
                  | scroll of fog.
     0 | D:1      | Reached XP level 1. HP: 20/20 MP: 1/1
   148 | D:1      | Reached XP level 2. HP: 24/26 MP: 2/2
   168 | D:1      | Learned a level 1 spell: Beastly Appendage
   523 | D:1      | Reached XP level 3. HP: 29/31 MP: 3/3
   914 | D:1      | Reached skill level 1 in Invocations
  1061 | D:2      | Reached skill level 1 in Short Blades
  1061 | D:2      | Reached skill level 1 in Axes
  1061 | D:2      | Reached skill level 1 in Maces & Flails
  1061 | D:2      | Reached skill level 1 in Polearms
  1061 | D:2      | Reached skill level 1 in Staves
  1061 | D:2      | Reached skill level 1 in Slings
  1061 | D:2      | Reached skill level 1 in Bows
  1061 | D:2      | Reached skill level 1 in Crossbows
  1061 | D:2      | Reached skill level 1 in Throwing
  1061 | D:2      | Reached skill level 1 in Dodging
  1061 | D:2      | Reached skill level 1 in Stealth
  1061 | D:2      | Reached skill level 1 in Shields
  1061 | D:2      | Reached skill level 1 in Spellcasting
  1061 | D:2      | Reached XP level 4. HP: 33/38 MP: 5/5
  1348 | D:2      | Reached skill level 1 in Conjurations
  1348 | D:2      | Reached skill level 1 in Hexes
  1348 | D:2      | Reached skill level 1 in Summonings
  1348 | D:2      | Reached skill level 1 in Necromancy
  1348 | D:2      | Reached skill level 1 in Translocations
  1348 | D:2      | Reached skill level 1 in Transmutations
  1348 | D:2      | Reached skill level 1 in Fire Magic
  1348 | D:2      | Reached skill level 1 in Ice Magic
  1348 | D:2      | Reached skill level 1 in Air Magic
  1348 | D:2      | Reached skill level 1 in Earth Magic
  1348 | D:2      | Reached skill level 1 in Poison Magic
  1608 | D:2      | Found a faded altar of an unknown god.
  1813 | D:2      | Found a hazy altar of Hepliaklqana.
  2129 | D:3      | Reached XP level 5. HP: 36/43 MP: 6/6
  2322 | D:3      | Noticed Ijyb
  2335 | D:3      | Killed Ijyb
  2567 | D:3      | Found a sacrificial altar of Ru.
  2596 | D:3      | Reached XP level 6. HP: 43/50 MP: 8/8
  3185 | D:3      | Found a bloodstained altar of Trog.
  3319 | D:4      | Found a sand-covered staircase.
  3323 | Ossuary  | Entered an ossuary
  3458 | Ossuary  | Reached skill level 5 in Fighting
  3458 | Ossuary  | Reached skill level 5 in Long Blades
  3458 | Ossuary  | Reached skill level 5 in Unarmed Combat
  4387 | D:4      | Found an iron altar of Okawaru.
  4723 | D:5      | Entered Level 5 of the Dungeon
  4849 | D:5      | Noticed a black bear
  4877 | D:5      | Killed a black bear
  4878 | D:5      | Reached skill level 7 in Armour
  4878 | D:5      | Reached XP level 7. HP: 49/56 MP: 10/10
  5264 | D:5      | Noticed a troll
  5444 | D:4      | Gained mutation: You possess an exceptional clarity of
                  | mind. [potion of mutation]
  5444 | D:4      | Gained mutation: You are strong-willed. (Will+) [potion of
                  | mutation]
  5585 | D:5      | Found Wicuteat's Serpentskin Sales.
  5598 | D:5      | Reached XP level 8. HP: 47/63 MP: 12/12
  6043 | D:5      | Found a staircase to the Ecumenical Temple.
  6052 | Temple   | Entered the Ecumenical Temple
  6305 | D:5      | Killed a troll
  6761 | D:6      | Found Pucynoer's Neck Hole.
  6844 | D:6      | Upgraded the game from 0.29-a0-598-gd8304a5bf4 to
                  | 0.29-a0-613-gf2c431b9b9
  7148 | D:6      | Identified the +10 rapier of Pride {vorpal, rC+ rN+ MP+9
                  | SInv}
  7322 | D:6      | Reached XP level 9. HP: 69/69 MP: 14/14
  7363 | D:6      | Noticed Kazon's ghost (novice GrFi)
  7364 | D:6      | Found a transporter.
  7364 | D:6      | Found a transporter.
  7413 | D:6      | Found Naschaeke's Book Emporium.
  7859 | D:6      | Bought an amulet of reflection for 330 gold pieces
  7872 | D:7      | Found Lirhiucs's Armour Shoppe.
  7897 | D:7      | Noticed a troll
  7904 | D:7      | Killed a troll
  7938 | D:7      | Learned a level 1 spell: Beastly Appendage
  7991 | D:7      | Noticed Prince Ribbit
  7991 | D:7      | Noticed Pikel
  7997 | D:7      | Killed Pikel
  7998 | D:7      | Reached skill level 5 in Evocations
  8005 | D:7      | Killed Prince Ribbit
  8006 | D:7      | Reached skill level 8 in Armour
  8349 | D:7      | Found Zessast's General Store.
  8393 | D:7      | Found Geanicha's Antique Weapon Boutique.
  8440 | D:7      | Reached skill level 5 in Invocations
  8465 | D:7      | Found a runed translucent door.
  8466 | D:7      | Noticed Crazy Yiuf
  8535 | D:7      | Found a hazy altar of Hepliaklqana.
  8545 | D:7      | Found an ornate altar of the Wu Jian Council.
  8637 | D:7      | Found Laress's Book Boutique.
  8810 | D:7      | Killed Crazy Yiuf
  8823 | D:7      | Learned a level 2 spell: Wereblood
  8982 | D:8      | Noticed a two-headed ogre
  8987 | D:8      | Reached XP level 10. HP: 77/77 MP: 17/17
  8990 | D:8      | Killed a two-headed ogre
  8991 | D:8      | Reached skill level 5 in Short Blades
  8991 | D:8      | Reached skill level 5 in Axes
  8991 | D:8      | Reached skill level 5 in Maces & Flails
  8991 | D:8      | Reached skill level 5 in Polearms
  8991 | D:8      | Reached skill level 5 in Staves
  8991 | D:8      | Reached skill level 5 in Slings
  8991 | D:8      | Reached skill level 5 in Bows
  8991 | D:8      | Reached skill level 5 in Crossbows
  8991 | D:8      | Reached skill level 5 in Throwing
  8991 | D:8      | Reached skill level 5 in Dodging
  8991 | D:8      | Reached skill level 5 in Stealth
  8991 | D:8      | Reached skill level 5 in Shields
  8991 | D:8      | Reached skill level 5 in Spellcasting
  9013 | D:8      | Noticed an orange demon
  9110 | D:8      | Noticed Amaemon
  9174 | D:9      | Noticed Grum
  9234 | D:9      | Killed Grum
  9300 | D:9      | Found an opulent altar of Gozag.
  9352 | D:9      | Found a radiant altar of Vehumet.
  9404 | D:9      | Noticed Erolcha
  9410 | D:9      | Killed Erolcha
  9464 | D:9      | Found a sparkling altar of Nemelex Xobeh.
  9494 | D:9      | Noticed a two-headed ogre
  9504 | D:9      | Killed a two-headed ogre
  9582 | D:9      | Reached XP level 11. HP: 84/84 MP: 19/19
  9712 | D:9      | Found a shimmering altar of Xom.
  9902 | D:9      | Found a burning altar of Makhleb.
  9950 | D:9      | Reached skill level 9 in Armour
 10113 | D:9      | Learned a level 4 spell: Iskenderun's Mystic Blast
 10172 | D:10     | Entered Level 10 of the Dungeon
 10187 | D:10     | Reached skill level 5 in Conjurations
 10187 | D:10     | Reached skill level 5 in Hexes
 10187 | D:10     | Reached skill level 5 in Summonings
 10187 | D:10     | Reached skill level 5 in Necromancy
 10187 | D:10     | Reached skill level 5 in Translocations
 10187 | D:10     | Reached skill level 5 in Transmutations
 10187 | D:10     | Reached skill level 5 in Fire Magic
 10187 | D:10     | Reached skill level 5 in Ice Magic
 10187 | D:10     | Reached skill level 5 in Air Magic
 10187 | D:10     | Reached skill level 5 in Earth Magic
 10187 | D:10     | Reached skill level 5 in Poison Magic
 10395 | D:10     | Noticed Lodul
 10731 | D:8      | Killed Amaemon
 11264 | D:6      | Killed Kazon's ghost
 11363 | D:9      | Learned a level 2 spell: Poisonous Vapours
 11367 | D:9      | Learned a level 3 spell: Ignite Poison
 11372 | D:9      | Learned a level 4 spell: Olgreb's Toxic Radiance
 11377 | D:9      | Learned a level 4 spell: Sticky Flame
 11543 | D:11     | Noticed a two-headed ogre
 11550 | D:11     | Killed a two-headed ogre
 11794 | D:11     | Noticed a manticore
 11801 | D:11     | Killed a manticore
 11828 | D:11     | Noticed a two-headed ogre
 11855 | D:11     | Killed a two-headed ogre
 11900 | D:11     | Noticed Harold
 12102 | D:11     | Noticed a white ugly thing
 12107 | D:11     | Killed a white ugly thing
 12121 | D:11     | Found a staircase to the Orcish Mines.
 12197 | D:11     | Killed Harold
 12198 | D:11     | Reached XP level 12. HP: 94/94 MP: 22/22
 12251 | D:11     | Noticed a two-headed ogre
 12252 | D:11     | Noticed a four-headed hydra
 12252 | D:11     | Noticed a two-headed ogre
 12253 | D:11     | Noticed an ogre mage
 12334 | D:12     | Killed a two-headed ogre
 12450 | D:12     | Killed a four-headed hydra
 12506 | D:11     | Killed an ogre mage
 12701 | D:7      | Bought a book of Minor Magic for 234 gold pieces
 12705 | D:7      | Learned a level 3 spell: Mephitic Cloud
 12784 | D:10     | Found a hide-covered altar of Uskayaw.
 12874 | D:10     | Found a broken altar of Ashenzari.
 12880 | D:10     | Became a worshipper of Ashenzari the Shackled
 13107 | D:10     | Killed a two-headed ogre
 13109 | D:10     | Killed Lodul
 13143 | D:10     | Found a staircase to the Lair.
 13278 | D:10     | Found a snail-covered altar of Cheibriados.
 13447 | D:7      | Bought a book of Beasts for 494 gold pieces
 13453 | D:7      | Learned a level 4 spell: Summon Ice Beast
 13613 | D:12     | Noticed a centaur warrior
 13664 | D:12     | Noticed a deep troll earth mage
 13668 | D:12     | Killed from afar by a deep troll earth mage

Illustrated notes

Levels and vault maps discovered:
D:1:      minmay_arrival_solitary_statue, layout_loops_ring, serial_bayou_pond_c
D:2:      layout_basic, shapermc_ecumenical_altar_pompeii, basic_altar
D:3:      layout_basic, nicolae_ru_great_annihilating_truth, marbit_many_paths,
          st_stairs_2, minmay_splitting_lines, minmay_misc_feat_secret_circle,
          minmay_stone_trees_small, grunt_ministairs_3, uniq_ijyb
D:4:      layout_loops_ring, mainiacjoe_overflow_catwalk, serial_forest,
          infiniplex_forest_fountain, infiniplex_forest_straight_4,
          infiniplex_forest_end_3, infiniplex_forest_clump_small,
          infiniplex_forest_corner_1, infiniplex_forest_corner_1,
          infiniplex_forest_straight_2, enter_ossuary_5
D:5:      layout_loops_ring, temple_hall, st_stairs_4, guppyfry_shop_venom
D:6:      layout_rooms, gammafunk_ghost_smash, nicolae_inconvenience_store,
          hangedman_abyss_or_decor_stabs, dk_noncrumbling_2,
          grunt_decor_junction, nicolae_shop_sticking_my_neck_out
D:7:      layout_basic, grunt_temple_overflow_open, serial_shops, shop,
          shop_statue, shop_statue, nicolae_shop_hallway_plus,
          uniq_prince_ribbit1, uniq_pikel, uniq_crazy_yiuf_cottage
D:8:      layout_rooms, serial_demonic, serial_demonic_a, serial_demonic_g,
          serial_demonic_d, serial_demonic_d, serial_demonic_g,
          serial_demonic_d, serial_demonic_e, serial_demonic_b, uniq_amaemon
D:9:      layout_loops_ring, nemelex_spade_bored_becter, xom_teletrap_fun,
          nicolae_vehumet_altar_sigil, lightli_temple_of_fire,
          grunt_gozag_breadcrumbs, uniq_erolcha, uniq_grum
D:10:     layout_cross, kennysheep_little_box, kennysheep_slug_shrine,
          mainiacjoe_overflow_six_doors_small, minivault_16, uniq_lodul
D:11:     layout_gridville, orc_0_dummy, uniq_harold
D:12:     minmay_heptahexagon, layout_irregular_city, nicolae_figureground_pulse
Temple:   nicolae_temple_figure_zero

Skill      XL: |  1  2  3  4  5  6  7  8  9 10 11 12 |
---------------+-------------------------------------+-----
Invocations    | 1 2 3 4 5 6 7 8 |  8.1
Short Blades   | 1 2 3 4 5 6 7 |  7.3
Axes           | 1 2 3 4 5 6 7 |  7.3
Maces & Flails | 1 2 3 4 5 6 7 |  7.3
Polearms       | 1 2 3 4 5 6 7 |  7.3
Staves         | 1 2 3 4 5 6 7 |  7.3
Slings         | 1 2 3 4 5 6 7 |  7.3
Bows           | 1 2 3 4 5 6 7 |  7.3
Crossbows      | 1 2 3 4 5 6 7 |  7.3
Throwing       | 1 2 3 4 5 6 7 |  7.3
Dodging        | 1 2 3 4 5 6 7 |  7.3
Stealth        | 1 2 3 4 5 6 7 |  7.3
Shields        | 1 2 3 4 5 6 7 |  7.3
Spellcasting   | 1 2 3 4 5 6 7 |  7.3
Conjurations   | 1 2 3 4 5 6 |  6.1
Hexes          | 1 2 3 4 5 6 |  6.1
Summonings     | 1 2 3 4 5 6 |  6.1
Necromancy     | 1 2 3 4 5 6 |  6.1
Translocations | 1 2 3 4 5 6 |  6.1
Transmutations | 1 2 3 4 5 6 |  6.1
Fire Magic     | 1 2 3 4 5 6 |  6.1
Ice Magic      | 1 2 3 4 5 6 |  6.1
Air Magic      | 1 2 3 4 5 6 |  6.1
Earth Magic    | 1 2 3 4 5 6 |  6.1
Poison Magic   | 1 2 3 4 5 6 |  6.1
Evocations     | 3 4 5 6 7 |  7.8
Fighting       | 5 6 7 8 |  8.7
Long Blades    | 5 6 7 8 |  8.7
Unarmed Combat | 5 6 7 8 |  8.7
Armour         | 7 8 9 |  9.9

Action                   |  1- 3 |  4- 6 |  7- 9 | 10-12 || total
-------------------------+-------+-------+-------+-------++-------
Melee: Falchion          |   126 |   326 |    95 |       ||   547
       Bite              |    14 |    31 |    17 |    30 ||    92
       Punch             |     2 |     8 |     5 |    17 ||    32
       Kick              |       |     4 |       |    22 ||    26
       Headbutt          |       |     2 |       |    18 ||    20
       Rapier            |       |       |    34 |   275 ||   309
Throw: Javelin           |       |    23 |    34 |    26 ||    83
       Dart              |       |     7 |    15 |     4 ||    26
       Throwing net      |       |     1 |     2 |       ||     3
       Stone             |       |       |    22 |    12 ||    34
 Cast: Beastly Appendage |       |     3 |     1 |    10 ||    14
       Wereblood         |       |       |       |     5 ||     5
       Mephitic Cloud    |       |       |       |     1 ||     1
       Sticky Flame      |       |       |       |     1 ||     1
Evoke: Wand              |       |     4 |     4 |    37 ||    45
  Use: Potion            |       |     2 |     6 |     4 ||    12
       Scroll            |       |     6 |     9 |    17 ||    32
 Stab: Invisible         |       |     1 |       |       ||     1
       Distracted        |       |       |     1 |     2 ||     3
       Sleeping          |       |       |     2 |    11 ||    13
       Confused          |       |       |       |     1 ||     1
       Fleeing           |       |       |       |     1 ||     1
Armor: Scale mail        |    63 |   189 |    47 |       ||   299
       Skin              |       |       |     1 |       ||     1
       Troll leather arm |       |       |     3 |    96 ||    99
Dodge: Dodged            |    60 |   160 |    76 |   252 ||   548
Block: Other             |       |       |     3 |    68 ||    71
       Reflection        |       |       |       |     6 ||     6

Table legend: (Time is in decaauts)
 A = Elapsed time spent in this place.
 B = Non-inter-level travel time spent in this place.
 C = Inter-level travel time spent in this place.
 D = Time resting spent in this place.
 E = Time spent auto-exploring this place.
 F = Levels seen in this place.
 G = Mean time per level.
                   A        B        C        D        E       F      G
               +--------+--------+--------+--------+--------+-----+--------+
         Total |  13699 |  11667 |   2032 |   2036 |   5481 |  14 |  978.5 |
       Dungeon |  13297 |  11274 |   2023 |   2036 |   5370 |  12 | 1108.1 |
        Temple |    123 |    114 |      9 |      0 |    111 |   1 |  123.0 |
       Ossuary |    278 |    278 |      0 |      0 |      0 |   1 |  278.0 |
               +--------+--------+--------+--------+--------+-----+--------+

Top non-repeatable levels by time:
     D:5: 1777 daAuts
     D:9: 1454 daAuts
     D:4: 1307 daAuts
     D:3: 1238 daAuts
     D:6: 1167 daAuts
    D:10: 1100 daAuts
     D:7: 1096 daAuts
     D:2: 1059 daAuts
     D:1: 1022 daAuts
    D:11: 910 daAuts
     D:8: 847 daAuts
    D:12: 313 daAuts
 Ossuary: 278 daAuts
  Temple: 123 daAuts
